 Dungeon Crawl Stone Soup version 0.19.0-2-gae57169 (webtiles) character file.

340294 Helmschank the Warrior (level 22, -2/229 HPs)
             Began as a Kobold Berserker on Nov 1, 2016.
             Was the Champion of Trog.
             Slain by a tengu reaver
             ... wielding a +4 war axe
              (5 damage)
             ... while paralysed by a floating eye
             ... on level 5 of the Vaults on Nov 4, 2016.
             The game lasted 05:10:36 (58447 turns).

Helmschank the Warrior (Kobold Berserker)          Turns: 58447, Time: 05:10:37

Health: -2/229     AC: 26    Str: 23    XL:     22   Next: 98%
Magic:  10/18      EV:  3    Int: 15    God:    Trog [******]
Gold:   722        SH:  0    Dex: 21    Spells: 0 memorised, 21 levels left

rFire  + . .     SeeInvis +     a - +8 quick blade (elec)
rCold  . . .     Gourm    .     C - +4 ring mail "Xeinyag" {MR+}
rNeg   . . .     Faith    .     Y - +0 buckler
rPois  +         Spirit   .     e - +4 helmet "Bisea" {+Blink rPois MP-9 Stlth+}
rElec  +         Reflect  .     R - +2 cloak of Thank Me Later {rPois Int+7 Slay+2}
rCorr  .         Harm     .     U - +2 pair of gloves {archery}
MR     +++..                    t - +2 pair of boots {Fly}
Stlth  ..........               x - amulet of regeneration
                                j - ring of protection from fire
                                T - ring "Orozis" {rElec rPois MR+ SInv}

@: paralysed, berserking (expiring), flying
A: claws 1, repulsion field 1, carnivore 3, low mp 1
a: Berserk, Trog's Hand, Brothers in Arms, Burn Spellbooks, Renounce Religion,
Evoke Blink, Stop Flying
}: 2/15 runes: decaying, serpentine


You were on level 5 of the Vaults.
You worshipped Trog.
Trog was exalted by your worship.
You were very full.

You visited 7 branches of the dungeon, and saw 37 of its levels.
You also visited: Ice Cave and Wizlab.

You collected 3886 gold pieces.
You spent 3164 gold pieces at shops.

Inventory:

Hand Weapons
 a - a +8 quick blade of electrocution (weapon)
 b - the +4 hunting sling "Syjer" {venom, rN+}
   (You found it on level 6 of the Dungeon)

   It poisons the ammo it fires.
   It protects you from negative energy.
 v - a +1 scimitar of venom
Missiles
 d - 7 tomahawks of returning
 z - 7 poisoned tomahawks (quivered)
 J - 137 sling bullets
 M - 60 tomahawks
 X - 4 silver tomahawks
Armour
 e - the +4 helmet "Bisea" (worn) {+Blink rPois MP-9 Stlth+}
   (You bought it in a shop on level 1 of the Orcish Mines)

   It protects you from poison.
   It affects your magic capacity (-9).
   It lets you blink.
   It makes you more stealthy.
 q - +0 fire dragon scales
 t - a +2 pair of boots of flying (worn)
 C - the +4 ring mail "Xeinyag" (worn) {MR+}
   (You bought it in a shop on level 4 of the Dungeon)

   It affects your resistance to hostile enchantments.
 R - the +2 cloak of Thank Me Later (worn) {rPois Int+7 Slay+2}
   (You found it in a wizard's laboratory)

   It affects your intelligence (+7).
   It affects your accuracy and damage with ranged weapons and melee attacks
   (+2).
   It protects you from poison.
 U - a +2 pair of gloves of archery (worn)
 Y - a +0 buckler (worn)
Rods
 r - a +7 lightning rod (12/12)
   (You bought it in a shop on level 1 of the Orcish Mines)
Jewellery
 j - a ring of protection from fire (right hand)
 x - an amulet of regeneration (around neck)
 T - the ring "Orozis" (left hand) {rElec rPois MR+ SInv}
   (You found it on level 4 of the Lair of Beasts)

   [ring of protection from magic]

   It insulates you from electricity.
   It protects you from poison.
   It affects your resistance to hostile enchantments.
   It lets you see invisible.
 W - an uncursed ring of ice
Wands
 g - a wand of polymorph (9/24)
 i - a wand of iceblast (10/15)
 y - a wand of lightning (6/15)
 A - a wand of digging (20/24)
 B - a wand of hasting (5/9)
 I - a wand of teleportation (6/9)
 L - a wand of disintegration (10/24)
Scrolls
 k - 9 scrolls of enchant armour
 l - 17 scrolls of remove curse
 o - 10 scrolls of blinking
 s - 9 scrolls of identify
 D - 3 scrolls of recharging
 K - 6 scrolls of fear
 O - 3 scrolls of fog
 S - a scroll of magic mapping
 Z - 8 scrolls of teleportation
Potions
 f - 10 potions of curing
 h - 2 potions of cancellation
 p - 4 potions of agility
 u - 5 potions of heal wounds
 G - 7 potions of might
 N - 3 potions of resistance
 Q - 2 potions of invisibility
 V - 9 potions of haste
Comestibles
 c - 22 meat rations
 m - 2 chunks of flesh
 E - a beef jerky


   Skills:
 - Level 20.9 Fighting
 - Level 15.2 Short Blades
 + Level 13.4(13.5) Slings
 - Level 3.0(10.1) Throwing
 + Level 9.8 Armour
 - Level 20.3 Dodging
 - Level 20.0 Stealth
 - Level 6.0 Shields
 - Level 11.0 Evocations


You had 21 spell levels left.
You didn't know any spells.

Dungeon Overview and Level Annotations

Branches:
Dungeon (15/15)            Temple (1/1) D:6            Lair (6/6) D:9
  Swamp (4/4) Lair:2        Snake (4/4) Lair:2        Slime (0/5) Lair:6
    Orc (2/2) D:12            Elf (0/3) Orc:2        Vaults (5/5) D:13
  Crypt (0/3) Vaults:2     Depths (0/5) D:15

Altars:
Ashenzari
Cheibriados
Dithmenos
Elyvilon
Fedhas
Gozag
Hepliaklqana
Kikubaaqudgha
Makhleb
Nemelex Xobeh
Okawaru
Qazlal
Ru
Sif Muna
Trog
Uskayaw
Vehumet
Xom
Yredelemnul
Zin
The Shining One
Jiyva

Shops:
D:4 [   D:8 ?   Orc:1 *   Orc:2 [[=(   Vaults:1 :   Vaults:2 !   Vaults:3 =

Annotations:
D:11 1 exclusion


Innate Abilities, Weirdness & Mutations

You are small and have problems with some larger weapons.
You are carnivorous and can eat meat at any time.
You have sharp fingernails.
You are surrounded by a mild repulsion field. (EV +2)
Your magical capacity is low. (-10% MP)


Message History

* * * LOW HITPOINT WARNING * * *
The tengu reaver pecks you.
* * * LOW HITPOINT WARNING * * *
The tengu reaver claws you but does no damage.
The vault sentinel hits you but does no damage.
The titan casts a spell.
The titan is healed somewhat.
The vault guard hits you but does no damage.
The moth of wrath goads the ettin on!
The ettin goes berserk!
The vault guard barely misses you.
The vault guard hits your stone giant with a war axe!
An ironheart preserver comes into view. It is wielding a morningstar.
The eye of draining changes into an unseen horror!
Your stone giant barely misses the vault guard.
The ettin hits you but does no damage. The ettin barely misses you.
The moth of wrath goads the vault guard on!
The vault guard goes berserk!
The titan hits you!!!
* * * LOW HITPOINT WARNING * * *
The tengu reaver hits you with an enchanted war axe.
You die...

...... #..p.# ......
#....#...#
......##....#...#
.......#....#...##
.....#....#....
#....GppC......
##########.ypCDp..#####
.......$[[[xp@CC.......
...........ppQpC.......
...........C*pQQx......
...?.........pe*.......
##########........#####
............
...#....#....
#..##....#.... ##.
#....#.....


You could see an iron dragon, an ironheart preserver, 2 titans, a fire giant, a
vault warden, 3 tengu reavers, 3 vault guards, 2 ettins, 2 hell knights, a vault
sentinel, a deep elf archer, a moth of wrath, 2 ironbrand convokers, a
necromancer, an unseen horror shaped shifter (invisible), a floating eye shaped
shifter, 2 battlespheres, a crawling corpse and a friendly stone giant
(berserk).

Vanquished Creatures
  Vashnia (Snake:2)
  the Lernaean hydra (Swamp:4)
  Xtahua (Vaults:4)
  Jorgrun (Vaults:2)
  A tentacled monstrosity (Vaults:5)
  A lich (Vaults:1)
  3 sphinxes
  An eldritch tentacle (WizLab)
  A storm dragon (Vaults:2)
  A tengu reaver (Vaults:1)
  A tentacled starspawn (WizLab)
  Gastronok (D:8)
  Kirke (Swamp:3)
  The ghost of Unbeliever the Severer, an adept DDFi of Makhleb (Swamp:4)
  A thorn hunter (Swamp:3)
  Donald (Vaults:1)
  9 nagarajas (Snake:4)
  2 fire giants
  6 frost giants
  Aizul (Snake:2)
  9 vault wardens
  Louise (D:14)
  The ghost of Melum the Brawler, a journeyman DrTm of Hepliaklqana (D:14)
  3 very ugly things
  12 ironheart preservers
  2 entropy weavers (Vaults:4)
  4 stone giants
  A vampire knight (Vaults:2)
  Nessos (D:14)
  A green draconian (WizLab)
  A white draconian (WizLab)
  2 deep elf annihilators
  An eidolon (Vaults:2)
  3 ettins
  A deep elf high priest (Vaults:4)
  A fire dragon (Vaults:2)
  7 yaktaur captains
  34 vault guards
  2 ice dragons
  A rakshasa (WizLab)
  22 hydras
  12 naga warriors
  4 great orbs of eyes
  9 centaur warriors
  6 death knights
  11 anacondas
  A death yak (Lair:6)
  10 alligators
  A deep troll shaman (Vaults:4)
  2 tengu warriors (D:15)
  10 ogre magi
  A thrashing horror (WizLab)
  14 naga sharpshooters
  Urug (Lair:3)
  A soul eater (Vaults:2)
  A large abomination (WizLab)
  9 hell knights
  2 shock serpents
  2 deep elf knights (Vaults:3)
  5 orc high priests (Orc:2)
  A skeletal warrior (D:15)
  A salamander mystic (Snake:2)
  5 deep trolls
  4 unseen horrors
  4 glowing orange brains
  6 wizards
  A flayed ghost (Vaults:2)
  8 hill giants
  2 spriggan druids (Swamp:3)
  A shadow demon (WizLab)
  An obsidian statue (WizLab)
  13 swamp dragons
  7 deep elf archers
  2 shambling mangroves
  9 harpies
  4 naga ritualists
  3 phantasmal warriors (Vaults:4)
  Pikel (D:6)
  10 ironbrand convokers
  13 deep elf magi
  6 wolf spiders
  33 ugly things
  16 orc knights
  3 orc sorcerers
  9 mana vipers
  3 necromancers
  7 salamanders
  6 cyclopes
  4 manticores
  A worldbinder (WizLab)
  6 elephants (Lair:6)
  6 vault sentinels
  4 guardian serpents
  A centaur zombie (D:12)
  5 ice statues
  20 naga magi
  A storm dragon simulacrum (Vaults:2)
  5 centaur skeletons
  19 black mambas
  18 spiny frogs
  10 komodo dragons
  2 torpor snails (Lair:6)
  30 yaktaurs
  A rime drake (Lair:4)
  8 freezing wraiths
  A demonspawn skeleton (WizLab)
  A redback zombie (D:12)
  2 two-headed ogres (shapeshifter)
  A red devil (WizLab)
  7 polar bears
  3 ancient zymes (WizLab)
  7 tyrant leeches
  22 two-headed ogres
  16 hornets
  3 meliai (D:13)
  5 trolls
  A raiju (shapeshifter) (Vaults:4)
  16 blink frogs
  9 bog bodies
  19 hippogriffs
  11 dream sheep
  A hippogriff (shapeshifter) (Vaults:2)
  31 slime creatures
  2 meliai zombies
  4 wraiths
  22 yaks
  18 spriggans
  2 wyverns
  2 vampires
  2 water elementals
  Sigmund (D:2)
  4 shadows
  4 hogs (Swamp:3)
  7 basilisks
  22 vampire mosquitoes
  A steam dragon (D:12)
  6 wargs
  17 insubstantial wisps
  3 mottled dragons
  3 spatial vortices (WizLab)
  47 nagas
  22 swamp worms
  2 soldier ants (D:8)
  13 water moccasins
  Duvessa (D:5)
  A hell hound (WizLab)
  14 swamp drakes
  A human skeleton (WizLab)
  10 porcupines
  2 sky beasts
  36 orc warriors
  8 ice beasts
  8 black bears
  2 black bears (shapeshifter)
  A tengu (shapeshifter) (D:14)
  A necrophage (D:7)
  2 phantoms
  42 ogres
  36 wolves
  9 boggarts
  15 centaurs
  16 crocodiles
  A big kobold (D:10)
  15 bullfrogs
  A wyvern zombie (D:13)
  An earth elemental (WizLab)
  4 scorpions
  A wyvern skeleton (D:14)
  Dowan (D:5)
  19 killer bees
  3 electric eels
  8 howler monkeys
  11 crimson imps
  A hound (D:9)
  4 jellies
  Crazy Yiuf (D:6)
  30 orc priests
  A gnoll shaman (Orc:2)
  Ijyb (D:3)
  Natasha (thrice) (D:4)
  7 iguanas
  16 orc wizards
  7 worker ants
  4 small abominations
  A hound skeleton (D:9)
  Robin (D:2)
  A worker ant zombie (D:5)
  3 gnolls (Orc:2)
  20 adders
  2 river rats (D:9)
  4 shadow imps
  12 white imps (D:14)
  2 oozes
  An adder zombie (D:6)
  7 worms
  2 dart slugs
  7 leopard geckos
  105 orcs
  2 ball pythons
  8 giant cockroaches
  19 goblins
  12 hobgoblins
  9 jackals
  5 quokkas
  5 bats
  5 frilled lizards
  11 kobolds
  3 leopard gecko skeletons
  A quokka zombie (D:5)
  9 rats
  A fungus (Lair:3)
1531 creatures vanquished.

Vanquished Creatures (collateral kills)
  A hydra (Lair:4)
  2 naga warriors (Snake:2)
  A salamander mystic (Snake:2)
  A necromancer (Vaults:5)
  A naga mage (Snake:2)
  A spiny frog (Lair:4)
  An insubstantial wisp (Swamp:3)
8 creatures vanquished.

Vanquished Creatures (others)
  Margery (Vaults:2)
  A hydra (Swamp:4)
  A yaktaur (Vaults:3)
  A yak (D:14)
  2 humans (Swamp:3)
  A naga (Snake:4)
  An ogre (Orc:2)
  A crimson imp (D:6)
  An adder (D:6)
  2 orcs (D:6)
  12 fungi
  9 plants
33 creatures vanquished.

Grand Total: 1572 creatures vanquished

Notes
Turn   | Place    | Note
-------+----------+-------------------------------------------
     0 | D:1      | Helmschank the Kobold Berserker began the quest for the Orb.
     0 | D:1      | Reached XP level 1. HP: 14/14 MP: 1/1
   104 | D:1      | Reached XP level 2. HP: 16/19 MP: 2/2
   623 | D:1      | Reached XP level 3. HP: 24/24 MP: 3/3
   988 | D:2      | Noticed Sigmund
   989 | D:2      | Found a shimmering altar of Xom.
   990 | D:2      | Found a shimmering altar of Xom.
   998 | D:2      | Killed Sigmund
   998 | D:2      | Reached XP level 4. HP: 30/30 MP: 4/4
   998 | D:2      | Reached XP level 5. HP: 34/34 MP: 5/5
  1014 | D:2      | Noticed Natasha
  1029 | D:2      | Found a shimmering altar of Xom.
  1034 | D:2      | Found a shimmering altar of Xom.
  1065 | D:2      | Reached XP level 6. HP: 15/39 MP: 6/6
  1374 | D:2      | Reached ** piety under Trog
  1643 | D:2      | Noticed Robin
  1659 | D:2      | Killed Robin
  2178 | D:3      | Reached skill level 5 in Fighting
  2852 | D:3      | Reached XP level 7. HP: 39/44 MP: 7/7
  2902 | D:3      | Noticed Ijyb
  2909 | D:3      | Killed Ijyb
  3132 | D:3      | Noticed a moth of wrath
  3135 | D:3      | Found a bloodstained altar of Trog.
  3540 | D:4      | Killed Natasha
  3580 | D:4      | Noticed Natasha
  3592 | D:4      | Killed Natasha
  3673 | D:4      | Reached *** piety under Trog
  4038 | D:4      | Noticed Natasha
  4047 | D:4      | Killed Natasha
  4429 | D:4      | Found Naisime's Antique Armour Emporium.
  4515 | D:4      | Reached XP level 8. HP: 49/49 MP: 8/8
  4640 | D:5      | Entered Level 5 of the Dungeon
  4644 | D:5      | Noticed Dowan
  4649 | D:5      | Noticed Duvessa
  4655 | D:5      | Killed Dowan
  4660 | D:5      | Killed Duvessa
  4660 | D:5      | Reached skill level 5 in Dodging
  4982 | D:5      | Reached skill level 10 in Short Blades
  5282 | D:5      | Found a basalt altar of Yredelemnul.
  5523 | D:4      | Bought a jacinth-encrusted ring mail for 216 gold pieces
  5533 | D:4      | Identified the +4 ring mail "Xeinyag" {MR+} (You bought it in a shop on level 4 of the Dungeon)
  5642 | D:5      | Reached **** piety under Trog
  5760 | D:6      | Noticed Pikel
  5778 | D:6      | Killed Pikel
  5778 | D:6      | Reached XP level 9. HP: 55/55 MP: 9/9
  5865 | D:6      | Found a staircase to the Ecumenical Temple.
  5878 | Temple   | Entered the Ecumenical Temple
  6334 | D:6      | Got a smoking hunting sling
  6335 | D:6      | Identified the +4 hunting sling "Syjer" {venom, rN+} (You found it on level 6 of the Dungeon)
  6589 | D:6      | Found a runed door.
  6593 | D:6      | Noticed Crazy Yiuf
  6597 | D:6      | Killed Crazy Yiuf
  6768 | D:7      | Reached skill level 1 in Slings
  7473 | D:8      | Noticed a troll
  7481 | D:8      | Killed a troll
  7515 | D:8      | Noticed Gastronok
  7546 | D:8      | Killed Gastronok
  7546 | D:8      | Reached XP level 10. HP: 36/60 MP: 10/10
  7823 | D:8      | Received a gift from Trog
  7878 | D:8      | Found Beto's Magic Scroll Shoppe.
  7882 | D:8      | Bought a scroll of enchant armour for 82 gold pieces
  9089 | D:8      | Reached XP level 11. HP: 58/64 MP: 11/11
  9127 | D:8      | Reached skill level 5 in Slings
  9311 | D:9      | Reached skill level 15 in Short Blades
  9527 | D:9      | Found a glowing golden altar of the Shining One.
  9537 | D:9      | Gained mutation: You are surrounded by a mild repulsion field. (EV +2) [potion of beneficial mutation]
  9556 | D:9      | Found a staircase to the Lair.
 10081 | Lair:1   | Entered Level 1 of the Lair of Beasts
 10329 | Lair:1   | Noticed a five-headed hydra
 10339 | Lair:1   | Killed a five-headed hydra
 11006 | Lair:1   | Reached ***** piety under Trog
 11055 | Lair:1   | Reached skill level 1 in Stealth
 11523 | Lair:2   | Found a staircase to the Snake Pit.
 11851 | Lair:2   | Received a gift from Trog
 11947 | Lair:2   | Reached skill level 10 in Dodging
 11986 | Lair:2   | Reached XP level 12. HP: 75/75 MP: 12/12
 12013 | Lair:2   | Found a staircase to the Swamp.
 12377 | Lair:2   | Reached skill level 5 in Stealth
 12713 | Lair:3   | Received a gift from Trog
 13108 | Lair:3   | Reached skill level 10 in Fighting
 13470 | Lair:3   | Noticed Urug
 13492 | Lair:3   | Killed Urug
 14105 | Lair:4   | Noticed a seven-headed hydra
 14114 | Lair:4   | Killed a seven-headed hydra
 14509 | Lair:4   | Received a gift from Trog
 14967 | Lair:4   | Reached XP level 13. HP: 82/82 MP: 13/13
 15057 | Lair:4   | Got a vibrating bronze ring
 15197 | Lair:4   | Identified the ring "Orozis" {rElec rPois MR+ SInv} (You found it on level 4 of the Lair of Beasts)
 15377 | Lair:4   | Noticed an eight-headed hydra
 15389 | Lair:4   | Killed an eight-headed hydra
 15389 | Lair:4   | Reached skill level 10 in Stealth
 16427 | Lair:6   | Entered Level 6 of the Lair of Beasts
 16454 | Lair:6   | Noticed a five-headed hydra
 16462 | Lair:6   | Received a gift from Trog
 16473 | Lair:6   | Killed a five-headed hydra
 16793 | Lair:6   | Received a gift from Trog
 17434 | Lair:6   | Noticed an eight-headed hydra
 17452 | Lair:6   | Killed an eight-headed hydra
 17452 | Lair:6   | Reached skill level 1 in Shields
 17690 | Lair:6   | Received a gift from Trog
 17844 | Lair:5   | Reached XP level 14. HP: 45/92 MP: 14/14
 18267 | Lair:6   | Reached skill level 5 in Shields
 19048 | Lair:6   | Found a viscous altar of Jiyva.
 19049 | Lair:6   | Found a staircase to the Slime Pits.
 19576 | D:10     | Entered Level 10 of the Dungeon
 19578 | D:10     | Found a white marble altar of Elyvilon.
 19746 | D:10     | Received a gift from Trog
 19959 | D:10     | Found a shattered altar of Ashenzari.
 21309 | D:12     | Reached skill level 1 in Evocations
 21463 | D:12     | Received a gift from Trog
 21832 | D:12     | Found a staircase to the Orcish Mines.
 22048 | D:12     | Received a gift from Trog
 23151 | D:13     | Reached skill level 5 in Evocations
 23237 | D:13     | Reached XP level 15. HP: 94/97 MP: 6/18
 23243 | D:13     | Found a gate to the Vaults.
 24442 | Orc:1    | Entered Level 1 of the Orcish Mines
 24508 | Orc:2    | Entered Level 2 of the Orcish Mines
 24815 | Orc:2    | Found a staircase to the Elven Halls.
 25187 | Orc:2    | Received a gift from Trog
 25826 | Orc:2    | Reached skill level 5 in Armour
 26890 | Orc:2    | Found Siashe's Armour Shop.
 26890 | Orc:2    | Found Urries's Weapon Shop.
 26891 | Orc:2    | Found Qaogem's Antique Armour Boutique.
 26891 | Orc:2    | Found Xofyeg's Jewellery Shop.
 26906 | Orc:2    | Bought a +2 pair of boots of flying for 258 gold pieces
 26918 | Orc:2    | Bought a shimmering ring mail for 279 gold pieces
 26918 | Orc:2    | Bought a shiny helmet for 325 gold pieces
 26918 | Orc:2    | Bought a runed hat for 310 gold pieces
 26918 | Orc:2    | Bought a pair of embroidered boots for 325 gold pieces
 26928 | Orc:2    | Identified the cursed +0 ring mail of Hodippoo {+Blink rElec MR+} (You bought it in a shop on level 2 of the Orcish Mines)
 27321 | Orc:2    | Bought a +0 pair of gloves for 54 gold pieces
 27633 | Orc:1    | Found Hiej Jen's Assorted Antiques.
 28192 | D:14     | Found a shadowy altar of Dithmenos.
 28260 | D:14     | Noticed Louise
 28260 | D:14     | Received a gift from Trog
 28302 | D:14     | Killed Louise
 28318 | D:14     | Found a frozen archway.
 28363 | IceCv    | Entered an ice cave
 28455 | IceCv    | Reached skill level 10 in Slings
 28747 | IceCv    | Got a scorched war axe
 28787 | D:14     | Identified the +7 war axe "Nosk" {holy, +Blink MR+ Str-5 Int+3} (You found it in an ice cave)
 28862 | D:14     | Reached ****** piety under Trog
 28895 | D:14     | Received a gift from Trog
 28898 | D:14     | Noticed Melum's ghost (journeyman DrTm)
 29034 | D:14     | Killed Melum's ghost
 29072 | D:14     | Received a gift from Trog
 29358 | D:14     | Noticed Nessos
 29412 | D:14     | Killed Nessos
 29564 | D:14     | Got a scorched war axe
 29565 | D:14     | Identified the +11 war axe of the End {antimagic, Dex+2 Stlth+} (You found it on level 14 of the Dungeon)
 29861 | D:14     | Reached XP level 16. HP: 106/106 MP: 8/20
 30216 | D:15     | Entered Level 15 of the Dungeon
 30784 | D:15     | Reached skill level 15 in Dodging
 31049 | D:15     | Found a staircase to the Depths.
 31767 | D:15     | Received a gift from Trog
 32311 | Lair:1   | Upgraded the game from 0.19.0 to 0.19.0-2-gae57169
 32350 | Swamp:1  | Entered Level 1 of the Swamp
 33472 | Swamp:1  | Reached skill level 15 in Fighting
 34478 | Swamp:2  | Received a gift from Trog
 35237 | Swamp:3  | Reached XP level 17. HP: 113/113 MP: 7/23
 35520 | Swamp:3  | Noticed a thorn hunter
 36007 | Swamp:3  | Noticed Kirke
 36037 | Swamp:3  | Killed a thorn hunter
 36060 | Swamp:3  | Killed Kirke
 36723 | Swamp:3  | Received a gift from Trog
 36797 | Swamp:4  | Entered Level 4 of the Swamp
 36942 | Swamp:3  | Reached skill level 15 in Stealth
 37041 | Swamp:4  | Got a smoking scale mail
 37232 | Swamp:3  | Identified the +2 scale mail "Plog" {MP+9 Stlth+} (You found it on level 4 of the Swamp)
 38083 | Swamp:4  | Noticed the 27-headed Lernaean hydra
 38989 | Swamp:4  | Noticed Unbeliever's ghost (adept DDFi)
 39305 | Swamp:4  | Killed Unbeliever's ghost
 39305 | Swamp:4  | Received a gift from Trog
 39443 | Swamp:4  | Killed the 27-headed Lernaean hydra
 39703 | Swamp:4  | Reached XP level 18. HP: 119/119 MP: 24/24
 39742 | Swamp:4  | Got a decaying rune of Zot
 40168 | Snake:1  | Entered Level 1 of the Snake Pit
 40961 | Snake:1  | Received a gift from Trog
 42090 | Snake:2  | Noticed Aizul
 42123 | Snake:2  | Killed Aizul
 42123 | Snake:2  | Received a gift from Trog
 42198 | Snake:2  | Noticed Vashnia
 42289 | Snake:2  | Killed Vashnia
 44068 | Snake:3  | Reached XP level 19. HP: 117/128 MP: 25/25
 44782 | Orc:1    | Bought a warped helmet for 313 gold pieces
 44782 | Orc:1    | Bought a short runed rod for 396 gold pieces
 44782 | Orc:1    | Bought a pair of embroidered gloves for 346 gold pieces
 44795 | Orc:1    | Identified the +4 helmet "Bisea" {+Blink rPois MP-9 Stlth+} (You bought it in a shop on level 1 of the Orcish Mines)
 45091 | Snake:4  | Entered Level 4 of the Snake Pit
 45155 | Snake:4  | Received a gift from Trog
 46598 | Snake:4  | Received a gift from Trog
 46598 | Snake:4  | HP: 9/192 [poisoned by a nagaraja (poison arrow)]
 46871 | Snake:4  | Got a serpentine rune of Zot
 47188 | Vaults:1 | Entered Level 1 of the Vaults
 47912 | Vaults:1 | Found a radiant altar of Vehumet.
 47912 | Vaults:1 | Noticed a lich
 47931 | Vaults:1 | Killed a lich
 48022 | Vaults:1 | Noticed Donald
 48095 | Vaults:1 | Reached XP level 20. HP: 127/134 MP: 17/26
 48134 | Vaults:1 | Killed Donald
 48642 | Vaults:1 | Received a gift from Trog
 48876 | Vaults:1 | Reached skill level 10 in Evocations
 48948 | Vaults:1 | Received a gift from Trog
 49210 | Vaults:1 | Found Biwocwatz's Book Shop.
 49469 | Vaults:2 | Found Xuufualivah's Distillery.
 49477 | Vaults:2 | Bought a potion of might for 80 gold pieces
 49477 | Vaults:2 | Bought a potion of curing for 60 gold pieces
 49477 | Vaults:2 | Bought a potion of curing for 60 gold pieces
 49477 | Vaults:2 | Bought a potion of curing for 60 gold pieces
 49738 | Vaults:2 | Noticed Margery
 49790 | Vaults:2 | Killed Margery
 49942 | Vaults:2 | Noticed Jorgrun
 49958 | Vaults:2 | Killed Jorgrun
 50083 | Vaults:2 | Received a gift from Trog
 51027 | Vaults:2 | Found a staircase to the Crypt.
 51090 | Vaults:2 | Reached XP level 21. HP: 144/144 MP: 20/29
 51768 | Vaults:3 | Found a magical portal.
 51772 | WizLab   | Entered The Roulette of Golubria
 51776 | WizLab   | Found a corrupted altar of Lugonu.
 51941 | WizLab   | Found a corrupted altar of Lugonu.
 52198 | WizLab   | Received a gift from Trog
 52412 | WizLab   | Gained mutation: You have sharp fingernails. [a neqoxec]
 52427 | WizLab   | Gained mutation: Your magical capacity is low. (-10% MP) [a neqoxec]
 52441 | WizLab   | Got a brightly glowing cloak
 52452 | WizLab   | Identified the +2 cloak of Thank Me Later {rPois Int+7 Slay+2} (You found it in a wizard's laboratory)
 52488 | WizLab   | Identified the Volume of the Voyage
 52498 | WizLab   | Got a bloodstained cloak
 52509 | WizLab   | Identified the cursed +0 cloak of Gozag's Regard {rElec} (You found it in a wizard's laboratory)
 52531 | WizLab   | Got a steaming cloak
 52542 | WizLab   | Identified the +0 cloak of Osagioga {rPois Int+5} (You found it in a wizard's laboratory)
 52614 | WizLab   | Received a gift from Trog
 52728 | WizLab   | Identified the Guide on the Compass
 52955 | Vaults:3 | Received a gift from Trog
 53151 | Vaults:3 | Found Noabb's Jewellery Shoppe.
 53686 | Vaults:3 | Received a gift from Trog
 54399 | Vaults:4 | Noticed Xtahua
 54408 | Vaults:4 | Killed Xtahua
 54963 | Vaults:4 | Received a gift from Trog
 54994 | Vaults:4 | Reached XP level 22. HP: 105/152 MP: 18/27
 56398 | Vaults:4 | Received a gift from Trog
 56858 | Vaults:4 | Received a gift from Trog
 57295 | Vaults:5 | Entered Level 5 of the Vaults
 57997 | Vaults:4 | Received a gift from Trog
 58445 | Vaults:5 | Paralysed by a floating eye for 2 turns
 58447 | Vaults:5 | HP: 3/229 [titan (36)]
 58447 | Vaults:5 | Slain by a tengu reaver

Skill      XL: |  1  2  3  4  5  6  7  8  9 10 11 12 13 14 15 16 17 18 19 20 21 22 |
---------------+-------------------------------------------------------------------+-----
Fighting       | 4 5 6 8 10 12 14 15 17 19 20 | 20.9
Short Blades   | 6 8 11 13 14 15 | 15.2
Armour         | 2 3 5 7 8 9 |  9.8
Dodging        | 3 4 5 7 8 10 12 14 15 17 19 20 | 20.3
Throwing       | 2 3 |  3.0
Slings         | 4 6 8 10 12 13 | 13.4
Stealth        | 4 9 10 11 14 16 17 19 20 | 20.0
Shields        | 3 6 |  6.0
Evocations     | 5 6 8 9 11 | 11.0

Action                   |  1- 3 |  4- 6 |  7- 9 | 10-12 | 13-15 | 16-18 | 19-21 | 22-24 || total
-------------------------+-------+-------+-------+-------+-------+-------+-------+-------++-------
Melee: Short sword       |    92 |   296 |    44 |       |       |       |       |       ||   432
       Rapier            |       |       |   376 |   700 |   815 |       |       |       ||  1891
       Quick blade       |       |       |       |       |  1146 |  2686 |  1616 |   784 ||  6232
       Dagger            |       |       |       |       |       |       |    62 |       ||    62
 Fire: Hunting sling     |       |       |    64 |   287 |   922 |   527 |   880 |   128 ||  2808
       Fustibalus        |       |       |       |       |     6 |       |       |       ||     6
Throw: Stone             |    10 |   100 |    56 |     2 |       |       |       |       ||   168
       Tomahawk          |       |       |       |     4 |    42 |    20 |    36 |    10 ||   112
Invok: Berserk           |     1 |     2 |     9 |     7 |    18 |    16 |     5 |     4 ||    62
       Trog's Hand       |       |       |     1 |     1 |     1 |     6 |     1 |     1 ||    11
       Brothers in Arms  |       |       |       |     1 |       |     1 |       |     1 ||     3
Evoke: Wand              |       |       |       |     6 |       |     1 |       |       ||     7
  Use: Scroll            |       |       |    14 |    16 |     6 |     8 |    10 |     1 ||    55
       Potion            |       |       |       |     2 |     1 |     3 |     2 |       ||     8
 Stab: Sleeping          |       |       |       |       |     6 |    28 |    40 |     1 ||    75
       Distracted        |       |       |       |       |       |     3 |     1 |     2 ||     6
  Eat: Chunk             |     9 |     9 |    21 |    32 |    63 |    57 |    32 |    14 ||   237
       Beef jerky        |       |       |       |       |       |     2 |     1 |       ||     3
       Pizza             |       |       |       |       |       |       |     3 |       ||     3
Armor: Animal skin       |     1 |       |    29 |       |       |       |       |       ||    30
       Ring mail         |    11 |    49 |    41 |   121 |   193 |   265 |   114 |    99 ||   893
Dodge: Dodged            |    52 |   158 |   203 |   585 |  1026 |  1413 |   676 |   405 ||  4518
Block: Buckler           |       |       |       |       |   253 |   419 |   227 |   132 ||  1031
